[Event "ICC tourney 1955 (60 10)"]
[Site "Internet Chess Club"]
[Date "2020.08.09"]
[Round "7"]
[White "ajschess05"]
[Black "mangolamb"]
[Result "1/2-1/2"]
[ICCResult "Game drawn by mutual agreement"]
[WhiteElo "1972"]
[BlackElo "2116"]
[Opening "Queen's pawn, Mason variation"]
[ECO "D00"]
[NIC "QP.08"]
[Time "12:02:49"]
[TimeControl "3600+10"]

1. d4 d5 2. Bf4 e6 3. e3 Nf6 4. Nd2 Bd6 5. Bg3 c5 6. c3 Nc6 7. Bd3 e5 8.
dxc5 Bxc5 9. Bb5 Bd6 10. Ngf3 Qc7 11. O-O O-O 12. c4 Be6 13. Bxc6 bxc6 14.
c5 Bxc5 15. Bxe5 Qe7 16. Rc1 Nd7 17. Bd4 Bxd4 18. Nxd4 c5 19. N4b3 Rfc8 20.
Re1 Ne5 21. Rc3 c4 22. Nc1 Qb4 23. Rc2 Bf5 24. e4 dxe4 25. Nxe4 Rd8 26. Rd2
Nd3 27. Nxd3 cxd3 28. f3 Rd4 29. Re3 Bxe4 30. fxe4 Rxe4 31. Rxe4 Qxe4 32.
Rxd3 Re8 33. h3 Qb4 34. Qd2 Qb6+ 35. Kh1 g6 36. Rb3 Qe6 37. Ra3 Qb6 38. Rb3
Qc6 39. Re3 Rb8 40. Rc3 Qf6 41. Qc1 Kg7 42. Rb3 Rd8 43. Rf3 Qe6 44. a3 Rd7
{Game drawn by mutual agreement}
1/2-1/2

[Event "ICC tourney 1955 (60 10)"]
[Site "Internet Chess Club"]
[Date "2020.08.09"]
[Round "7"]
[White "sgangavarapu"]
[Black "H2ODerp"]
[Result "1-0"]
[ICCResult "Black resigns"]
[WhiteElo "1849"]
[BlackElo "2032"]
[Opening "Nimzo-Indian: classical, Pirc variation"]
[ECO "E39"]
[NIC "NI.21"]
[Time "12:03:11"]
[TimeControl "3600+10"]

1. d4 Nf6 2. c4 e6 3. Nc3 Bb4 4. Qc2 c5 5. dxc5 O-O 6. a3 Bxc5 7. Nf3 b6 8.
Bg5 Bb7 9. e4 h6 10. Bh4 Be7 11. Be2 Nh5 12. Bxe7 Qxe7 13. Qd2 d6 14. Nd4
Nf6 15. f3 Nc6 16. O-O-O Rfd8 17. Nxc6 Bxc6 18. g4 d5 19. g5 hxg5 20. Qxg5
dxe4 21. Nxe4 Bxe4 22. fxe4 Rxd1+ 23. Rxd1 Re8 24. Rg1 g6 25. e5 Nd7 26. Qf4
Qc5 27. Rg5 Nf8 28. h4 Rd8 29. Rg4 Qa5 30. Kc2 Qe1 31. Bd3 Qh1 32. Qg5 Qf3
33. Rg3 Qf2+ 34. Kb3 Rd4 35. h5 Nh7 36. Qe3 Qxe3 37. Rxe3 gxh5 38. Kc3 Rg4
39. Be2 Rg5 40. b4 Nf8 41. c5 bxc5 42. bxc5 Nd7 43. c6 Nb6 44. Kd4 Kf8 45.
Rh3 Ke7 46. Rxh5 Rxh5 47. Bxh5 f6 48. exf6+ Kxf6 49. Kc5 Ke7 50. Bd1 Nc8 51.
Be2 Kd8 52. Ba6 e5 53. Kd5 e4 54. Bxc8 Kxc8 55. Kxe4 Kd8 56. Kd5 Kc7 57. a4
Kc8 58. Kd6 Kd8 59. Kc5 Kc7 60. a5 a6 61. Kd5 Kc8 62. Kd4 Kd8 63. Kc4 Kc8
64. Kd5 Kd8 65. Kd6 Kc8 66. c7 Kb7 67. Kd7 Ka7 68. c8=R {Black resigns} 1-0

[Event "ICC tourney 1955 (60 10)"]
[Site "Internet Chess Club"]
[Date "2020.08.09"]
[Round "7"]
[White "adelie"]
[Black "JadenShaw"]
[Result "1/2-1/2"]
[ICCResult "Game drawn by mutual agreement"]
[WhiteElo "1928"]
[BlackElo "1805"]
[Opening "English opening"]
[ECO "E67"]
[NIC "KI.79"]
[Time "12:03:19"]
[TimeControl "3600+10"]

1. Nf3 Nf6 2. c4 g6 3. g3 Bg7 4. Bg2 O-O 5. O-O d6 6. d4 Nbd7 7. Nc3 a6 8.
b3 c5 9. Bb2 Rb8 10. a4 Qc7 11. Qc2 cxd4 12. Nxd4 Qb6 13. e3 Nc5 14. a5 Qc7
15. b4 Ncd7 16. Qb3 Ne5 17. Nd5 Nxd5 18. cxd5 Qc4 19. Rac1 Qxb3 20. Nxb3
Nf3+ 21. Bxf3 Bxb2 22. Rc7 Bf6 23. Rfc1 Rd8 24. Nd2 Kf8 25. Nc4 Ke8 26. Nb6
Bd7 27. Be2 Bg7 28. g4 Bf6 29. Kg2 Bb2 30. Rb1 Bf6 31. b5 Bxb5 32. Bxb5+
axb5 33. Rxb5 h6 34. Rc1 g5 35. Rcb1 Bg7 36. h3 Bf6 37. Nc4 Rdc8 38. Nd2 Ra8
39. Ne4 Be5 40. R1b4 Kf8 41. Ra4 Rc7 42. Nd2 Rac8 43. Nf3 Bf6 44. Rab4 Rc5
{Game drawn by mutual agreement}
1/2-1/2

[Event "ICC tourney 1955 (60 10)"]
[Site "Internet Chess Club"]
[Date "2020.08.09"]
[Round "7"]
[White "Rohith-p"]
[Black "MateOnF7"]
[Result "1-0"]
[ICCResult "Black checkmated"]
[WhiteElo "2135"]
[BlackElo "1890"]
[Opening "Bishop's opening/Petrov: Urusov gambit"]
[ECO "C24"]
[NIC "IG.04"]
[Time "12:02:50"]
[TimeControl "3600+10"]

1. e4 e5 2. Bc4 Nf6 3. d4 exd4 4. Nf3 Nxe4 5. Qxd4 Nf6 6. Bg5 Nc6 7. Qh4 Be7
8. Nc3 h6 9. O-O-O O-O 10. Rhe1 d6 11. Bd3 Be6 12. Bxh6 gxh6 13. Qxh6 Nb4
14. Ng5 Nxd3+ 15. Rxd3 Bf5 16. Rg3 Bg4 17. Rxg4 Re8 18. Ne6+ Nxg4 19. Qg7#
{Black checkmated}
1-0

[Event "ICC tourney 1955 (60 10)"]
[Site "Internet Chess Club"]
[Date "2020.08.09"]
[Round "7"]
[White "ryanwang"]
[Black "jimjimmo"]
[Result "1/2-1/2"]
[ICCResult "Game drawn by mutual agreement"]
[WhiteElo "1839"]
[BlackElo "1955"]
[Opening "Caro-Kann: classical, Spassky variation"]
[ECO "B19"]
[NIC "CK.12"]
[Time "12:02:35"]
[TimeControl "3600+10"]

1. e4 c6 2. d4 d5 3. Nc3 dxe4 4. Nxe4 Bf5 5. Ng3 Bg6 6. h4 h6 7. Nf3 Nd7 8.
h5 Bh7 9. Bd3 Bxd3 10. Qxd3 e6 11. Bd2 Ngf6 12. O-O-O Be7 13. Ne4 Nxe4 14.
Qxe4 Nf6 15. Qd3 Qb6 16. Kb1 Qb5 17. Qxb5 cxb5 18. Ne5 Rd8 19. Be3 Nd5 20.
Rh3 O-O 21. g4 b4 22. Nd3 a5 23. Nf4 e5 24. Ne2 Bf6 25. Rhh1 Nxe3 26. fxe3
exd4 27. Nxd4 Rfe8 28. Nf5 Rxd1+ 29. Rxd1 Re4 30. Rg1 b6 31. Kc1 Bg5 32. Rg3
g6 33. hxg6 fxg6 34. Nd6 Rxe3 35. Rxe3 Bxe3+ 36. Kd1 Kg7 37. Ke2 Bd4 38. b3
Kf6 39. Kf3 h5 40. gxh5 gxh5 41. Nc4 Bc5 42. Kf4 Ke6 43. Nd2 Kd5 44. Nf3 h4
45. Nxh4 Kd4 46. Nf3+ Kc3 47. Ne1 Kd2 48. Nd3 Kxc2 49. Ke4 Kb1 50. Kd5 Kxa2
51. Kc4 Ka3 52. Nc1 a4 53. bxa4 Kxa4 54. Kd3 Ka3 55. Kc2 Be3 56. Nd3 b5 57.
Kb1 Kb3 58. Ne5 Kc3 59. Nc6 Bb6 60. Ne5 Bc7 61. Ng4 Bf4 62. Nf6 Kd4 63. Kc2
Be5 64. Kb3 Bd6 65. Ne8 Kc5 66. Nxd6 Kxd6 67. Kxb4 Kc6 68. Kb3 Kc5 69. Kc3
b4+ 70. Kb3 Kb5 71. Kb2 Kc4 72. Kc2 b3+ 73. Kb2 Kb4 74. Kb1 Kc4 75. Kb2 Kb4
76. Kb1 Kc5 77. Kb2 Kc4 78. Kb1 Kb4 79. Kb2 {Game drawn by mutual agreement}
1/2-1/2

[Event "ICC tourney 1955 (60 10)"]
[Site "Internet Chess Club"]
[Date "2020.08.09"]
[Round "7"]
[White "MrNormalName"]
[Black "blueeagle405"]
[Result "1/2-1/2"]
[ICCResult "Game drawn by mutual agreement"]
[WhiteElo "2182"]
[BlackElo "1994"]
[Opening "Grünfeld: exchange, classical variation"]
[ECO "D86"]
[NIC "GI.05"]
[Time "12:03:13"]
[TimeControl "3600+10"]

1. d4 Nf6 2. c4 g6 3. Nc3 d5 4. cxd5 Nxd5 5. e4 Nxc3 6. bxc3 Bg7 7. Bc4 c5
8. Ne2 Nc6 9. Be3 cxd4 10. cxd4 b5 11. Bb3 Na5 12. Bd5 Bb7 13. Bxb7 Nxb7 14.
O-O O-O 15. Rb1 Qd7 16. Qb3 a6 17. a4 Na5 18. Qb4 Nc6 19. Qd2 bxa4 20. Ra1
Na7 21. Nc3 Nb5 22. Nxa4 Bxd4 {Game drawn by mutual agreement} 1/2-1/2

[Event "ICC tourney 1955 (60 10)"]
[Site "Internet Chess Club"]
[Date "2020.08.09"]
[Round "7"]
[White "aauman"]
[Black "cdj12417489"]
[Result "0-1"]
[ICCResult "White resigns"]
[WhiteElo "1567"]
[BlackElo "1315"]
[Opening "King's Indian: fianchetto, classical variation"]
[ECO "E67"]
[NIC "KI.65"]
[Time "12:02:37"]
[TimeControl "3600+10"]

1. Nf3 Nf6 2. d4 g6 3. g3 Bg7 4. Bg2 O-O 5. O-O d6 6. c4 Nbd7 7. Nc3 e5 8.
Bg5 exd4 9. Nxd4 c6 10. Rc1 Re8 11. Re1 Qc7 12. e4 h6 13. Bd2 Kh7 14. b3 Nc5
15. Re3 Ng4 16. Rf3 Bxd4 17. h3 Ne5 18. Rf4 Ned3 19. Rh4 h5 20. Rxh5+ gxh5
21. Qxh5+ Kg8 22. Bh6 Re6 23. Rc2 Rg6 24. Nd1 Bg7 25. Be3 Qe7 26. Nc3 Qe5
27. Qe2 Bh6 28. f4 Qg7 29. b4 Rxg3 30. bxc5 Bxh3 31. Kh1 Bxg2+ 32. Qxg2 Ne1
33. Bd4 Rxg2 34. Bxg7 Rxc2 35. Bd4 Bxf4 {White resigns} 0-1

[Event "ICC tourney 1955 (60 10)"]
[Site "Internet Chess Club"]
[Date "2020.08.09"]
[Round "7"]
[White "fluffypillow73"]
[Black "Lukastico"]
[Result "1-0"]
[ICCResult "Black resigns"]
[WhiteElo "2056"]
[BlackElo "1906"]
[Opening "English: Wimpey system"]
[ECO "A13"]
[NIC "EO.64"]
[Time "12:03:13"]
[TimeControl "3600+10"]

1. c4 e6 2. Nf3 Nf6 3. e3 d5 4. b3 c5 5. Bb2 Be7 6. Be2 O-O 7. O-O Nc6 8.
cxd5 Nxd5 9. Nc3 b6 10. Nxd5 Qxd5 11. d4 Rd8 12. Bc4 Qh5 13. Be2 Bb7 14. Ne5
Qh6 15. Bf3 Bd6 16. Qe2 f6 17. Ng4 Qg5 18. g3 Qg6 19. h4 Rac8 20. Rfd1 f5
21. Ne5 Bxe5 22. dxe5 Qe8 23. e4 g6 24. exf5 gxf5 25. Qe3 Rc7 26. h5 Rcd7
27. Rd6 Nd4 28. Bxb7 Rxd6 29. exd6 Qxh5 30. Bxd4 {Black resigns} 1-0

[Event "ICC tourney 1955 (60 10)"]
[Site "Internet Chess Club"]
[Date "2020.08.09"]
[Round "7"]
[White "anton555"]
[Black "chessrani"]
[Result "0-1"]
[ICCResult "White resigns"]
[WhiteElo "2077"]
[BlackElo "2005"]
[Opening "Sicilian: Pelikan, Bird variation"]
[ECO "B33"]
[NIC "SI.36"]
[Time "12:02:53"]
[TimeControl "3600+10"]

1. e4 c5 2. Nf3 Nc6 3. d4 cxd4 4. Nxd4 Nf6 5. Nc3 e5 6. Ndb5 d6 7. Bg5 a6 8.
Na3 Be6 9. Nc4 Rc8 10. Ne3 Be7 11. Bxf6 Bxf6 12. Ncd5 Bg5 13. Be2 Ne7 14.
Bg4 Nxd5 15. exd5 Bxg4 16. Qxg4 Bxe3 17. fxe3 O-O 18. c3 f5 19. Qe2 Qh4+ 20.
g3 Qe4 21. O-O-O Rc5 22. Qd3 Qa4 23. Kb1 Ra5 24. a3 Qb3 25. Ka1 Rb5 26. Rd2
e4 27. Qd4 Rc8 28. Rf1 h6 29. Rxf5 Rc4 30. Qa7 Rxc3 31. Rf1 Rd3 32. Qb8+ Kh7
33. Qf8 Qxd5 34. Rf7 Qe5 35. Re7 Qg5 36. h4 Qxg3 37. Rf2 Qg1+ 38. Ka2 Rxa3+
{White resigns}
0-1

[Event "ICC tourney 1955 (60 10)"]
[Site "Internet Chess Club"]
[Date "2020.08.09"]
[Round "7"]
[White "mdbgaccp"]
[Black "Kokoro"]
[Result "0-1"]
[ICCResult "White resigns"]
[WhiteElo "1802"]
[BlackElo "2182"]
[Opening "Queen's pawn game"]
[ECO "E10"]
[NIC "QI.01"]
[Time "12:03:33"]
[TimeControl "3600+10"]

1. d4 Nf6 2. c4 e6 3. Nf3 d5 4. g3 c6 5. Bg2 Nbd7 6. cxd5 exd5 7. Nc3 Bd6 8.
O-O O-O 9. Bf4 Bxf4 10. gxf4 Re8 11. e3 Nb6 12. b3 Bg4 13. Qc2 Nc8 14. Ne5
Nd6 15. Nxg4 Nxg4 16. Na4 Qh4 17. h3 Nh6 18. Nc5 Re7 19. Qd1 Kh8 20. Qf3 Rg8
21. Qg3 Qxg3 22. fxg3 Rxe3 23. g4 Rge8 24. Bf3 R8e7 25. Kf2 Nb5 26. Rad1 Kg8
27. a4 Nd6 28. Rfe1 Rxe1 29. Rxe1 Kf8 30. Rb1 a5 31. b4 axb4 32. Rxb4 Ke8
33. a5 Kd8 34. a6 bxa6 35. Rb8+ Nc8 36. Nxa6 Ra7 37. Nc5 Kc7 38. Rb2 Nd6 39.
Re2 Ng8 40. Rc2 Ne7 41. f5 Nb5 42. Rd2 Kd6 43. Nb3 Ra3 44. Nc1 Nc8 45. Ne2
Nb6 46. g5 Nc4 47. Rc2 Rd3 48. Ra2 Nxd4 49. Nxd4 Rxd4 50. Ra7 Rf4 51. Kg3
Rxf5 52. h4 Ne5 53. Bg4 Rf1 54. Kg2 Rf4 55. Be2 Rxh4 56. Kg3 Re4 {White
resigns} 0-1

[Event "ICC tourney 1955 (60 10)"]
[Site "Internet Chess Club"]
[Date "2020.08.09"]
[Round "7"]
[White "i2good4u734"]
[Black "Zues9393"]
[Result "1-0"]
[ICCResult "Black checkmated"]
[WhiteElo "2105"]
[BlackElo "1963"]
[Opening "Queen's pawn game"]
[ECO "A46"]
[NIC "QP.06"]
[Time "12:03:33"]
[TimeControl "3600+10"]

1. d4 Nf6 2. Nf3 c5 3. c3 g6 4. Bf4 Bg7 5. e3 O-O 6. h3 d5 7. Be2 Qb6 8. Qb3
c4 9. Qxb6 axb6 10. O-O Nc6 11. Nbd2 h6 12. b3 b5 13. a4 bxa4 14. bxc4 g5
15. Bh2 Bd7 16. Rfb1 Na5 17. Ne5 Bf5 18. Rb2 Nb3 19. Ra3 Rfc8 20. g4 Be6 21.
c5 Ne4 22. Nxb3 axb3 23. Rbxb3 h5 24. f3 Nd2 25. Rxa8 Nxb3 26. Ra7 Nc1 27.
Bb5 hxg4 28. hxg4 f5 29. Rxb7 Bxe5 30. Bxe5 fxg4 31. Rxe7 Bf7 32. fxg4 Na2
33. Bd7 Ra8 34. c6 Nxc3 35. c7 Kf8 36. Bd6 Ra1+ 37. Kh2 Ra2+ 38. Kh3 Ne2 39.
c8=Q+ Kg7 40. Be5+ Kg6 41. Bf5+ Kh6 42. Qh8# {Black checkmated} 1-0

[Event "ICC tourney 1955 (60 10)"]
[Site "Internet Chess Club"]
[Date "2020.08.09"]
[Round "7"]
[White "Tombstone"]
[Black "chessw23"]
[Result "0-1"]
[ICCResult "White checkmated"]
[WhiteElo "1992"]
[BlackElo "1876"]
[Opening "Catalan: closed, 5.Nf3"]
[ECO "E06"]
[NIC "CA.05"]
[Time "12:03:07"]
[TimeControl "3600+10"]

1. d4 d5 2. c4 e6 3. Nf3 Nf6 4. g3 Be7 5. Bg2 O-O 6. O-O dxc4 7. Qc2 a6 8.
a4 Bd7 9. Nbd2 Bc6 10. Nxc4 Nbd7 11. Bf4 Be4 12. Qd1 Nd5 13. Ncd2 Nxf4 14.
gxf4 Bc6 15. Qc2 Nf6 16. e4 Nh5 17. f5 exf5 18. d5 Bd7 19. e5 Nf4 20. Nd4
Nxg2 21. Kxg2 Be6 22. N2f3 Bxd5 23. Qxf5 Bc5 24. Ne2 f6 25. e6 g6 26. Qh3
Qd6 27. Rad1 Qxe6 28. Qxe6+ Bxe6 29. Nf4 Bb3 30. Rd7 Bd6 31. Ne2 Bxa4 32.
Rxd6 cxd6 33. Ned4 Rfe8 34. Ra1 Bc6 35. Rd1 d5 36. Rd2 a5 37. Kg3 a4 38. Rd3
Ra6 39. Ra3 b5 40. Rc3 Bd7 41. Rc5 b4 42. Rxd5 Be6 43. Rb5 a3 44. Nc2 a2 45.
Na1 Rc8 46. Nd4 Rc1 47. Rb8+ Kg7 48. Nac2 Bf5 49. Nxf5+ gxf5 50. Nxb4 a1=Q
51. Nxa6 Qxa6 52. Rb3 Rd1 53. f3 Qd6+ 54. Kg2 Rd2+ 55. Kh1 Qxh2#
{White checkmated}
0-1

[Event "ICC tourney 1955 (60 10)"]
[Site "Internet Chess Club"]
[Date "2020.08.09"]
[Round "7"]
[White "corviknight"]
[Black "peakypoe"]
[Result "1-0"]
[ICCResult "Black resigns"]
[WhiteElo "1837"]
[BlackElo "1946"]
[Opening "Sicilian: accelerated fianchetto, modern variation"]
[ECO "B34"]
[NIC "SI.33"]
[Time "12:03:33"]
[TimeControl "3600+10"]

1. e4 c5 2. Nf3 g6 3. d4 cxd4 4. Nxd4 Nc6 5. Nc3 Bg7 6. Be3 Nf6 7. f3 O-O 8.
Bc4 Qb6 9. Bb3 Nxe4 10. Nd5 Qa5+ 11. c3 Nf6 12. Nxf6+ Bxf6 13. O-O Qh5 14.
Re1 d6 15. Qd2 Na5 16. Rad1 Nxb3 17. Nxb3 Be6 18. Bd4 Bg5 19. Qe2 Rfc8 20.
Nd2 Bxa2 21. Ra1 Be6 22. Rxa7 Rxa7 23. Bxa7 Bf4 24. Nf1 Ra8 25. Bd4 Ra5 26.
Qe4 Qf5 27. Qxb7 Be5 28. Bxe5 Rxe5 29. Rxe5 Qxe5 30. Qxe7 Qc5+ 31. Kh1 Qf2
32. Qe8+ Kg7 33. Qb5 Bd7 34. Qd3 Bf5 35. Qd4+ f6 36. Qxf2 {Black resigns}
1-0

[Event "ICC tourney 1955 (60 10)"]
[Site "Internet Chess Club"]
[Date "2020.08.09"]
[Round "7"]
[White "ChessPlayer2005"]
[Black "smokyqueen"]
[Result "1-0"]
[ICCResult "Black resigns"]
[WhiteElo "1769"]
[BlackElo "1882"]
[Opening "Ruy Lopez: old Steinitz defense"]
[ECO "C62"]
[NIC "RL.02"]
[Time "12:03:33"]
[TimeControl "3600+10"]

1. e4 e5 2. Nf3 Nc6 3. Bb5 d6 4. h3 Nf6 5. Nc3 Bd7 6. O-O a6 7. Bxc6 Bxc6 8.
Re1 Be7 9. d3 O-O 10. Nh2 d5 11. exd5 Nxd5 12. Rxe5 Bf6 13. Rh5 g6 14. Nxd5
gxh5 15. Nxf6+ Qxf6 16. Qxh5 Qg6 17. Qxg6+ fxg6 18. Ng4 h5 19. Ne5 Rae8 20.
d4 Be4 21. c3 c5 22. Nd7 Rf5 23. Nxc5 Bd5 24. Be3 h4 25. Nd7 Re6 26. Ne5 b5
27. a3 Bc4 28. a4 Rb6 29. axb5 Bxb5 30. c4 Be8 31. Ra2 Bf7 32. d5 Rb3 33.
Nc6 Rb7 34. Rxa6 Kh7 35. b4 Bxd5 36. cxd5 Rxd5 37. Ra7 Rdd7 38. b5 Kg7 39.
b6 Kf6 40. Rxb7 Rxb7 41. Na5 Rb8 42. b7 Ke6 43. Bf4 {Black resigns} 1-0

[Event "ICC tourney 1955 (60 10)"]
[Site "Internet Chess Club"]
[Date "2020.08.09"]
[Round "7"]
[White "JackFromLost"]
[Black "kwen2008"]
[Result "1-0"]
[ICCResult "Black resigns"]
[WhiteElo "1930"]
[BlackElo "1678"]
[Opening "Queen's pawn game"]
[ECO "A46"]
[NIC "QP.05"]
[Time "12:03:03"]
[TimeControl "3600+10"]

1. d4 Nf6 2. Nf3 e6 3. Bf4 d5 4. e3 Bb4+ 5. c3 Be7 6. Bd3 O-O 7. Nbd2 c5 8.
h3 Nc6 9. O-O Qb6 10. Qc2 h6 11. Rfe1 Re8 12. Rad1 Bf8 13. Qb1 Nd7 14. e4
dxe4 15. Nxe4 cxd4 16. cxd4 Nb4 17. Nc3 Nxd3 18. Rxd3 Nf6 19. Ne5 a6 20.
Red1 Qa7 21. Rf3 b5 22. Bxh6 Bb7 23. Rg3 b4 24. Ne2 Be4 25. Qc1 Nh5 26. Rg5
g6 27. Bxf8 Rxf8 28. Ng4 Bf5 29. Nh6+ Kg7 30. Nxf5+ exf5 31. Rxh5 gxh5 32.
Qg5+ Kh7 33. Qxh5+ Kg7 34. Rd3 Rg8 35. Qxf5 Rae8 36. Nf4 Kf8 37. Rf3 Re1+
38. Kh2 Qc7 39. g3 Ke8 40. Nd5 {Black resigns} 1-0

[Event "ICC tourney 1955 (60 10)"]
[Site "Internet Chess Club"]
[Date "2020.08.09"]
[Round "7"]
[White "dhruvpathak0613"]
[Black "kaiclc"]
[Result "1-0"]
[ICCResult "Black checkmated"]
[WhiteElo "2002"]
[BlackElo "2060"]
[Opening "French: Schlechter variation"]
[ECO "C01"]
[NIC "FR.01"]
[Time "12:03:24"]
[TimeControl "3600+10"]

1. e4 e6 2. d4 d5 3. Bd3 dxe4 4. Bxe4 Nf6 5. Bf3 c5 6. Be3 cxd4 7. Qxd4 Qxd4
8. Bxd4 Nc6 9. Bxc6+ bxc6 10. Nf3 Bb7 11. Nbd2 c5 12. Be5 Ne4 13. Nxe4 Bxe4
14. O-O-O Bxf3 15. gxf3 Rg8 16. Rd3 Be7 17. Rhd1 Rd8 18. Ra3 f6 19. Rxd8+
Bxd8 20. Bb8 Kf7 21. Rxa7+ Kg6 22. Bd6 c4 23. Ra8 Kf7 24. Rc8 Bb6 25. Rxc4
Bxf2 26. Bc5 Rc8 27. b4 e5 28. Rc3 Ke6 29. Bd4 Rxc3 30. Bxc3 Kd5 31. Bd2 f5
32. Kd1 Kc4 33. a4 g5 34. Ke2 Ba7 35. b5 f4 36. Ba5 Bb8 37. Bd8 e4 38. b6 g4
39. Bc7 g3 40. hxg3 fxg3 41. Bxb8 g2 42. Kf2 e3+ 43. Kxg2 Kc3 44. Bg3 e2 45.
b7 e1=Q 46. Bxe1+ Kb2 47. b8=Q+ Ka2 48. a5 h5 49. a6 h4 50. a7 h3+ 51. Kxh3
Ka1 52. a8=Q# {Black checkmated} 1-0

[Event "ICC tourney 1955 (60 10)"]
[Site "Internet Chess Club"]
[Date "2020.08.09"]
[Round "7"]
[White "saatvik"]
[Black "pianopro32"]
[Result "0-1"]
[ICCResult "White checkmated"]
[WhiteElo "1787"]
[BlackElo "2029"]
[Opening "Réti: King's Indian attack, Yugoslav variation"]
[ECO "A07"]
[NIC "QP.09"]
[Time "12:02:30"]
[TimeControl "3600+10"]

1. Nf3 d5 2. g3 Nf6 3. Bg2 c6 4. O-O Bg4 5. d3 Nbd7 6. Nbd2 e5 7. Qe1 Bd6 8.
b3 O-O 9. e4 Re8 10. h3 Bh5 11. g4 Bg6 12. Qe2 dxe4 13. dxe4 Nc5 14. Nh2 Ne6
15. Nc4 Nd4 16. Qd3 Bc5 17. Bb2 Nd5 18. Bxd4 Bxd4 19. Rad1 Nf4 20. Qf3 Qf6
21. Ne3 Bxe3 22. Qxe3 b6 23. Nf3 h5 24. g5 Qe7 25. h4 Qe6 26. Nh2 Red8 27.
Qf3 a5 28. Rfe1 a4 29. bxa4 Rxd1 30. Rxd1 Qxa2 31. Qb3 Qxa4 32. Qxa4 Rxa4
33. Nf3 Nxg2 34. Kxg2 Bxe4 35. Re1 f5 36. gxf6 gxf6 37. Kg3 Bxf3 38. Kxf3
Rxh4 39. Rd1 Rd4 40. Rh1 h4 41. Ke3 Kf7 42. Ra1 Ke6 43. Ra8 f5 44. Rh8 Kd5
45. Rh5 Rf4 46. f3 b5 47. Rh8 c5 48. Rd8+ Kc4 49. Rd2 Rd4 50. Rh2 Kc3 51.
Rh3 b4 52. Rh1 c4 53. Rh3 Kxc2 54. Rh2+ Kc1 55. Rh1+ Rd1 56. Rxh4 Rd3+ 57.
Ke2 Rc3 58. Rh1+ Kb2 59. Rh5 b3 60. Rxf5 Kc1 61. Rxe5 b2 62. Rb5 b1=Q 63.
Rxb1+ Kxb1 64. Kf2 Rxf3+ 65. Kxf3 c3 66. Ke2 c2 67. Kd2 c1=Q+ 68. Ke2 Kc2
69. Kf3 Kd3 70. Kg4 Ke4 71. Kh5 Kf5 72. Kh4 Qg5+ 73. Kh3 Qg4+ 74. Kh2 Kf4
75. Kh1 Kf3 76. Kh2 Qg2# {White checkmated} 0-1

[Event "ICC tourney 1955 (60 10)"]
[Site "Internet Chess Club"]
[Date "2020.08.09"]
[Round "7"]
[White "clydedrexler22"]
[Black "wolfchess1"]
[Result "0-1"]
[ICCResult "White checkmated"]
[WhiteElo "1849"]
[BlackElo "2104"]
[Opening "Queen's Pawn"]
[ECO "A41"]
[NIC "QO.17"]
[Time "12:03:02"]
[TimeControl "3600+10"]

1. d4 d6 2. Bf4 g6 3. Nc3 Bg7 4. e4 a6 5. Qd2 b5 6. O-O-O Bb7 7. f3 Nd7 8.
h4 h6 9. Kb1 Rc8 10. Qe3 b4 11. Nce2 Ngf6 12. g4 c5 13. dxc5 Nxc5 14. Bh3
Nfd7 15. g5 Na4 16. e5 hxg5 17. hxg5 Nxe5 18. Bxe5 Bxe5 19. Qxe5 dxe5 20.
Bd7+ Kf8 21. Rxh8+ Kg7 22. Re8 Qxe8 23. Bxe8 Rxe8 24. Rd7 Bc6 25. Rc7 Bb5
26. b3 Nb6 27. c4 bxc3 28. Nxc3 Bd3+ 29. Kb2 Rh8 30. Rxe7 Rh2+ 31. Ka3 Rg2
32. Nh3 Bf5 33. Rxe5 Bxh3 34. Kb4 Rc2 35. a4 Be6 36. a5 Nd7 37. Re3 Nb8 38.
Kc5 Bxb3 39. Kb6 Be6 40. Ka7 Rb2 41. Na4 Nc6+ 42. Ka8 Rb8# {White
checkmated} 0-1

[Event "ICC tourney 1955 (60 10)"]
[Site "Internet Chess Club"]
[Date "2020.08.09"]
[Round "7"]
[White "saiabhi29"]
[Black "xx99754539"]
[Result "1-0"]
[ICCResult "Black resigns"]
[WhiteElo "2071"]
[BlackElo "1942"]
[Opening "Queen's pawn: London system"]
[ECO "A45"]
[NIC "QP.07"]
[Time "12:03:14"]
[TimeControl "3600+10"]

1. d4 Nf6 2. Bf4 g6 3. Nc3 d5 4. e3 Bg7 5. h4 c5 6. Nb5 Na6 7. a4 Qa5+ 8. c3
h5 9. Nf3 Bf5 10. Bd3 Bxd3 11. Qxd3 O-O 12. O-O Rfc8 13. Qe2 Nb8 14. dxc5
Ng4 15. b4 Qd8 16. Bxb8 Rcxb8 17. e4 a6 18. Nbd4 e5 19. Nb3 f5 20. exd5 e4
21. Ng5 Qxd5 22. Nd4 Re8 23. Rad1 e3 24. Nde6 Qb3 25. f3 Nf2 26. Rb1 Qxc3
27. Qa2 Kh8 28. Nf7+ Kg8 29. Nd6 Kh8 30. Ng5 Qd2 31. Qxd2 exd2 32. Nxe8 d1=Q
33. Rbxd1 Nxd1 34. Nxg7 Kxg7 35. Rxd1 Kf6 36. Kf2 f4 37. Rd6+ Kf5 38. Ne4
Ke5 39. Rd7 Rb8 40. b5 axb5 41. axb5 Ke6 42. Rd6+ Kf7 43. Rb6 Ke7 44. Nd6
Kd8 45. Rxb7 {Black resigns} 1-0

[Event "ICC tourney 1955 (60 10)"]
[Site "Internet Chess Club"]
[Date "2020.08.09"]
[Round "7"]
[White "cprovince"]
[Black "ickyquarter"]
[Result "1-0"]
[ICCResult "Black resigns"]
[WhiteElo "1920"]
[BlackElo "2099"]
[Opening "QGD: Tarrasch defense"]
[ECO "D32"]
[NIC "TD.11"]
[Time "12:02:36"]
[TimeControl "3600+10"]

1. d4 d5 2. c4 e6 3. Nc3 c5 4. cxd5 exd5 5. Nf3 Nc6 6. Bf4 Nf6 7. e3 a6 8.
Be2 c4 9. O-O Bb4 10. Ne5 O-O 11. Bf3 Bxc3 12. bxc3 h6 13. Rb1 Ne7 14. a4
Qa5 15. Rb4 Ng6 16. Nxg6 fxg6 17. Bd6 Re8 18. Bc5 b5 19. Qb1 Bf5 20. Qb2
Rab8 21. Ra1 Qc7 22. axb5 axb5 23. Rxb5 Rxb5 24. Qxb5 Rb8 25. Qa4 Kh7 26. h3
Be4 27. Qa7 Rb7 28. Qa6 Bxf3 29. gxf3 Rb2 30. Qd6 Qc8 31. Kg2 Qf5 32. Ba3
Rd2 33. Rf1 Ra2 34. Bb4 Qg5+ 35. Kh1 Qf5 36. Qg3 Qd3 37. Rg1 Nh5 38. Qg2 Rd2
39. Bd6 g5 40. Bb4 Qc2 41. Rf1 Re2 42. Kg1 Nf6 43. Qg3 Qf5 44. Kg2 Qd3 45.
Qe5 Qg6 46. Be7 Qf7 47. Bxf6 gxf6 48. Qf5+ Kg7 49. Rb1 Ra2 50. Rb5 h5 51.
Rxd5 Ra7 52. Rc5 Rc7 53. Rxc7 Qxc7 54. Qe6 h4 55. e4 Kg6 56. e5 Qf7 57. Qd6
Kf5 58. exf6 Qxf6 59. Qd5+ Kg6 60. Qxc4 Qf4 61. Qe6+ Kh5 62. Qg4+
{Black resigns}
1-0

[Event "ICC tourney 1955 (60 10)"]
[Site "Internet Chess Club"]
[Date "2020.08.09"]
[Round "7"]
[White "aarushnaveen"]
[Black "advaith06"]
[Result "1-0"]
[ICCResult "Black resigns"]
[WhiteElo "1714"]
[BlackElo "1998"]
[Opening "Sicilian: Sozin, Benkö variation"]
[ECO "B57"]
[NIC "SI.25"]
[Time "12:02:37"]
[TimeControl "3600+10"]

1. e4 c5 2. Nf3 Nc6 3. d4 cxd4 4. Nxd4 Nf6 5. Nc3 d6 6. Bc4 Qb6 7. Nb3 e6 8.
O-O Be7 9. Be3 Qc7 10. f4 O-O 11. Bd3 a6 12. Qf3 Nb4 13. a3 Nxd3 14. cxd3
Bd7 15. Rac1 Bc6 16. Nd4 Qd7 17. g4 Ne8 18. g5 g6 19. f5 exf5 20. Nxc6 bxc6
21. exf5 Qxf5 22. Qxc6 Rc8 23. Rxf5 Rxc6 24. Ra5 Nc7 25. Kg2 Rb8 26. b4 f6
27. h4 f5 28. Ne2 Rxc1 29. Bxc1 Kf7 30. Bf4 Ke6 31. Nc3 Bd8 32. d4 Rc8 33.
d5+ Kd7 34. Na4 Rb8 35. Kf3 Ke7 36. Nc3 Rc8 37. Ra4 Kd7 38. Be3 Rb8 39. Ke2
Kc8 40. Kd3 Kb7 41. Kd2 Be7 42. Bd4 Ra8 43. Ra5 Bd8 44. Ke3 Nb5 45. Nxb5
Bxa5 46. Nxd6+ Kc7 47. Nc4 Bxb4 48. axb4 Re8+ 49. Kd3 Re4 50. Bc5 Rxh4 51.
d6+ Kd8 52. Ne5 Re4 53. Bb6+ Kc8 54. d7+ Kb7 55. d8=Q {Black resigns} 1-0